 Dungeon Crawl Stone Soup version 0.31-a0-319-g4fced400ed (webtiles) character file.

Game seed: 15278054707108576528

73 Maratek the Trooper (level 4, -3/40 HPs)
             Began as a Draconian Berserker on July 17, 2023.
             Was a Believer of Trog.
             Slain by an orc
             ... wielding a +0 trident
              (4 damage)
             ... on level 3 of the Dungeon.
             The game lasted 00:03:51 (1748 turns).

Maratek the Trooper (Draconian Berserker)           Turns: 1748, Time: 00:03:52

Health: -3/40      AC:  5    Str: 20    XL:     4   Next: 8%
Magic:  4/4        EV: 13    Int:  7    God:    Trog [**....]
Gold:   111        SH:  0    Dex: 12    Spells: 3/3 levels left

rFire   . . .        a - +0 falchion
rCold   . . .        (no shield)
rNeg    . . .        (body armour unavailable)
rPois   .            (helmet restricted)
rElec   .            (no cloak)
rCorr   .            (no gloves)
SInv    .            (no boots)
Will    .....        c - amulet of the acrobat
Stlth   +            (no ring)
HPRegen 0.26/turn    (no ring)
MPRegen 0.09/turn

%: acrobat
@: on berserk cooldown, slowed, very slow
A: AC +5, unfitting armour, cold-blooded
a: Renounce Religion, Berserk, Trog's Hand


You were on level 3 of the Dungeon.
You worshipped Trog.
Trog was pleased with you.
You visited 1 branch of the dungeon, and saw 3 of its levels.

You collected 111 gold pieces.

Inventory:

Hand Weapons
 a - a +0 falchion (weapon)
Jewellery
 c - an amulet of the acrobat (around neck)
 e - a ring of protection from fire
 k - a ring of see invisible
Scrolls
 d - 2 scrolls of fear {unknown}
 f - a scroll of brand weapon {unknown}
 h - a scroll of teleportation {unknown}
 i - 2 scrolls of identify {unknown}
Potions
 g - a potion of invisibility {unknown}
 j - a potion of lignification {unknown}
 l - a potion of ambrosia {unknown}
 m - a potion of curing {unknown}
 n - a potion of brilliance {unknown}


   Skills:
 + Level 4.0 Fighting
 + Level 3.9 Long Blades
 + Level 3.4 Dodging


You had 3 spell levels left.
You didn't know any spells.
Your spell library was empty.

Dungeon Overview and Level Annotations

Branches:
Dungeon (3/15)

Altars:
Dithmenos


Innate Abilities, Weirdness & Mutations

Your plain brown scales are hard. (AC +5)
You cannot fit into any form of body armour.
You are cold-blooded and may be slowed by cold attacks.


Message History

You feel stronger.
You slash the rat!
You kill the rat!
Trog accepts your kill.
The orc throws a boomerang.
The boomerang hits you.
* * * LOW HITPOINT WARNING * * *
The orc throws a boomerang.
The boomerang closely misses you.
Found an escape hatch in the ceiling.
The orc completely misses you.
You see here a rat corpse.
You hit the orc but do no damage. The giant cockroach bites you.
* * * LOW HITPOINT WARNING * * *
The orc closely misses you.
The giant cockroach bites you but does no damage.
The orc hits you but does no damage.
It was a potion of magic.
Magic courses through your body.
The giant cockroach splashes around in the water.
The orc closely misses you.
The giant cockroach splashes around in the water.
You completely miss the orc. You punch the orc.
The orc is lightly wounded.
The orc barely misses you.
The giant cockroach bites you but does no damage.
The orc closely misses you.
The giant cockroach splashes around in the water.
You closely miss the orc.
The orc is lightly wounded.
The giant cockroach misses you. The orc hits you with a +0 trident.
* * * LOW HITPOINT WARNING * * *
The orc barely misses you.
The giant cockroach bites you but does no damage.
You hit the orc but do no damage.
The orc is lightly wounded.
The giant cockroach bites you but does no damage.
The orc closely misses you. The giant cockroach barely misses you.
You hit the orc.
The orc is severely wounded.
The orc barely misses you.
The giant cockroach splashes around in the water.
The orc hits you with a +0 trident.
You die...

.. ♣.## .#>
♣P♣.#
...♣~P~~# <#
##.#~~~~♣
...##...♣P~~♣♣
......P~~~~♣
#♣..oB~~~~♣#
♣~..@.~~≈~~#
♣♣~~))†P~≈≈~~
♣~~.).~~~~~≈P
♣~~....P~≈≈~~
♣♣~P..~~~~≈~♣♣
♣~~~~..~~~P~~♣
#.#
♣~~P....~~~~~
#.#
♣~~~....~~~~P
#.#
♣♣~~...~P~♣♣♣
#.#


You could see an orc and a giant cockroach.

Vanquished Creatures
  An adder (D:3)
  A worm (D:3)
  8 orcs (D:3)
  4 bats
  5 endoplasms
  A giant cockroach (D:3)
  4 goblins
  4 hobgoblins
  2 jackals (D:3)
  A quokka (D:1)
  A frilled lizard (D:2)
  10 kobolds
  7 rats
49 creatures vanquished.

Notes
Turn   | Place    | Note
-------+----------+-------------------------------------------
     0 | D:1      | Maratek the Draconian Berserker began the quest for the
                  | Orb.
     0 | D:1      | Reached XP level 1. HP: 19/19 MP: 1/1
   350 | D:1      | Reached XP level 2. HP: 15/26 MP: 2/2
   900 | D:2      | Found a shadowy altar of Dithmenos.
  1060 | D:2      | Found a faded altar of an unknown god.
  1291 | D:2      | Reached XP level 3. HP: 33/33 MP: 3/3
  1414 | D:3      | Reached ** piety under Trog
  1733 | D:3      | Reached skill level 4 in Fighting
  1741 | D:3      | Reached XP level 4. HP: 4/40 MP: 4/4
  1741 | D:3      | HP: 2/40 [orc/boomerang (3)]
  1746 | D:3      | HP: 1/40 [orc/+0 trident (2)]
  1748 | D:3      | Slain by an orc

Illustrated notes

Levels and vault maps discovered:
D:1:      dpeg_arrival_ternary, layout_basic, serial_rivers,
          chequers_serial_rivers_micro_d, chequers_serial_rivers_large_b,
          chequers_serial_rivers_micro_a, chequers_serial_rivers_marsh,
          chequers_serial_rivers_small_b
D:2:      layout_rooms, shapermc_ecumenical_altar_mp_ritualfount, basic_altar
D:3:      lemuel_castle_with_subvaults [lemuel_castle_interior_carwin_3],
          layout_loops_ring, portal_sewer_entry_f, serial_bayou_ford_a,
          uniq_sigmund, uniq_ijyb, uniq_jessica

Skill      XL: |  1  2  3 |
---------------+----------+-----
Dodging        | 3 |  3.4
Fighting       | 4 |  4.0
Long Blades    | |  3.9

Action                     |  1- 3 |  4- 6 || total
---------------------------+-------+-------++-------
  Melee: Falchion          |   182 |     6 ||   188
         Tailslap          |    11 |       ||    11
         Punch             |     1 |     1 ||     2
 Invoke: Berserk           |     2 |       ||     2
         Trog's Hand       |     1 |       ||     1
    Use: Potion            |       |     1 ||     1
 Armour: Skin              |    47 |     5 ||    52
  Dodge: Dodged            |   183 |    11 ||   194

Table legend: (Time is in decaauts)
 A = Elapsed time spent in this place.
 B = Non-inter-level travel time spent in this place.
 C = Inter-level travel time spent in this place.
 D = Time resting spent in this place.
 E = Time spent auto-exploring this place.
 F = Levels seen in this place.
 G = Mean time per level.
                   A        B        C        D        E       F      G
               +--------+--------+--------+--------+--------+-----+--------+
         Total |   1821 |   1818 |      3 |    112 |   1183 |   3 |  607.0 |
       Dungeon |   1821 |   1818 |      3 |    112 |   1183 |   3 |  607.0 |
               +--------+--------+--------+--------+--------+-----+--------+

Top non-repeatable levels by time:
     D:1: 934 daAuts
     D:2: 446 daAuts
     D:3: 440 daAuts
